TOP OF THE 1ST |
Colorado Rockies batting - Pitching for New York Mets : LHP Lewis Thorpe Jr.
|
Pitching: LHP Lewis Thorpe Jr.
|
|
Batting: RHB Joel Haycock
|
0-0: Ball 1-0: Ball 2-0: Ball 3-0: Called Strike 3-1: Foul Ball, location: 2F 3-2: Strikes out swinging
|
Batting: RHB Roberto Rodriguez
|
0-0: Called Strike 0-1: Foul Ball, location: 2F 0-2: Ground out 6-3 (Groundball, 6MD, EV 83.1 MPH)
|
Batting: SHB Chris Blue
|
0-0: Ball 1-0: Called Strike 1-1: Fly out, F9 (Flyball, 89S, EV 91.2 MPH)
|
Top of the 1st over - 0 runs, 0 hits, 0 errors, 0 left on base; Colorado 0 - New York 0 |
BOTTOM OF THE 1ST |
New York Mets batting - Pitching for Colorado Rockies : RHP Link Zeller
|
Pitching: RHP Link Zeller
|
|
Batting: RHB Jeff Jank
|
0-0: Foul Ball, location: 2F 0-1: Bunt for hit to 5S - play at first, batter OUT! 5-3
|
Batting: SHB Gus Berry
|
0-0: Ball 1-0: Ball 2-0: Called Strike 2-1: Swinging Strike 2-2: Foul Ball, location: 2F 2-2: Strikes out swinging
|
Batting: SHB Nelle van den Berg
|
0-0: Ball 1-0: Swinging Strike 1-1: Ground out U3 (Groundball, 34S, EV 87.5 MPH)
|
Bottom of the 1st over - 0 runs, 0 hits, 0 errors, 0 left on base; Colorado 0 - New York 0 |
TOP OF THE 2ND |
Colorado Rockies batting - Pitching for New York Mets : LHP Lewis Thorpe Jr.
|
Batting: RHB Jason Andrews
|
0-0: Ball 1-0: Swinging Strike 1-1: Called Strike 1-2: Foul Ball, location: 2F 1-2: Foul Ball, location: 2F 1-2: Ball 2-2: Foul Ball, location: 2F 2-2: Ball 3-2: Ground out 5-3 (Groundball, 5S, EV 71.9 MPH)
|
Batting: RHB Chad Thompson
|
0-0: Ball 1-0: SOLO HOME RUN (Line Drive, 8RXD, EV 116.2 MPH), Distance : 444 ft
|
Batting: RHB Stephen Charbonneau
|
0-0: Ball 1-0: Foul Ball, location: 2F 1-1: Fly out, F8 (Flyball, 8RXD, EV 95.0 MPH)
|
Batting: RHB Rico Coss
|
0-0: Ball 1-0: Swinging Strike 1-1: Swinging Strike 1-2: Strikes out swinging
|
Top of the 2nd over - 1 run, 1 hit, 0 errors, 0 left on base; Colorado 1 - New York 0 |
BOTTOM OF THE 2ND |
New York Mets batting - Pitching for Colorado Rockies : RHP Link Zeller
|
Batting: SHB Javy Rosa
|
0-0: Ball 1-0: Ball 2-0: Ball 3-0: SINGLE (Groundball, 6S, EV 69.4 MPH) (infield hit)
|
Batting: SHB Kaname Fujimoto
|
0-0: Called Strike 0-1: Ball 1-1: Swinging Strike 1-2: Ball 2-2: Foul Ball, location: 2F 2-2: Foul Ball, location: 2F 2-2: Ball 3-2: Foul Ball, location: 2F 3-2: Foul Ball, location: 2F 3-2: DOUBLE (Line Drive, 7LM, EV 107.5 MPH) Javy Rosa to third
|
Batting: LHB Timo Gomez
|
0-0: Swinging Strike 0-1: Ground out 4-3 (Groundball, 4, EV 98.1 MPH) Javy Rosa scores Kaname Fujimoto to third
|
Batting: SHB Tomas Caldera
|
0-0: Ground out U3 (Groundball, 23, EV 88.8 MPH)
|
Batting: SHB Scott Scott
|
0-0: Ball 1-0: Ground out 4-3 (Groundball, 4, EV 85.0 MPH)
|
Bottom of the 2nd over - 1 run, 2 hits, 0 errors, 1 left on base; Colorado 1 - New York 1 |
TOP OF THE 3RD |
Colorado Rockies batting - Pitching for New York Mets : LHP Lewis Thorpe Jr.
|
Batting: LHB Fabiano Perrolas
|
0-0: Fly out, F6 (Popup, 6MS, EV 68.1 MPH)
|
Batting: LHB Robert Watson
|
0-0: Swinging Strike 0-1: Ball 1-1: Called Strike 1-2: Ball 2-2: Foul Ball, location: 2F 2-2: Strikes out swinging
|
Batting: RHB Joel Haycock
|
0-0: Foul Ball, location: 2F 0-1: Ball 1-1: Fly out, F9 (Line Drive, 9S, EV 97.5 MPH)
|
Top of the 3rd over - 0 runs, 0 hits, 0 errors, 0 left on base; Colorado 1 - New York 1 |
BOTTOM OF THE 3RD |
New York Mets batting - Pitching for Colorado Rockies : RHP Link Zeller
|
Batting: SHB Scott Bartholomew
|
0-0: Called Strike 0-1: Called Strike 0-2: Strikes out swinging
|
Batting: RHB Jeff Jank
|
0-0: Foul Ball, location: 2F 0-1: Swinging Strike 0-2: Strikes out looking
|
Batting: SHB Gus Berry
|
0-0: Ball 1-0: Ball 2-0: Ball 3-0: Called Strike 3-1: Base on Balls
|
Batting: SHB Nelle van den Berg
|
0-0: 2-RUN HOME RUN (Line Drive, 7D, EV 97.5 MPH), Distance : 369 ft
|
Batting: SHB Javy Rosa
|
0-0: Swinging Strike 0-1: Foul Ball, location: 2F 0-2: Strikes out swinging
|
Bottom of the 3rd over - 2 runs, 1 hit, 0 errors, 0 left on base; Colorado 1 - New York 3 |
TOP OF THE 4TH |
Colorado Rockies batting - Pitching for New York Mets : LHP Lewis Thorpe Jr.
|
Batting: RHB Roberto Rodriguez
|
0-0: Called Strike 0-1: Ball 1-1: Ground out 5-3 (Groundball, 5L, EV 85.6 MPH)
|
Batting: SHB Chris Blue
|
0-0: Ground out 6-3 (Groundball, 4M, EV 105.6 MPH)
|
Batting: RHB Jason Andrews
|
0-0: Ball 1-0: Called Strike 1-1: Ball 2-1: Foul Ball, location: 2F 2-2: Ball 3-2: Strikes out swinging
|
Top of the 4th over - 0 runs, 0 hits, 0 errors, 0 left on base; Colorado 1 - New York 3 |
BOTTOM OF THE 4TH |
New York Mets batting - Pitching for Colorado Rockies : RHP Link Zeller
|
Batting: SHB Kaname Fujimoto
|
0-0: Foul Ball, location: 2F 0-1: Ball 1-1: Ball 2-1: Swinging Strike 2-2: Ball 3-2: Base on Balls
|
Batting: LHB Timo Gomez
|
0-0: Ball 1-0: Called Strike 1-1: Ball 2-1: Grounds into double play, 4-6-3 (Groundball, 4, EV 111.2 MPH)
|
Batting: SHB Tomas Caldera
|
0-0: Ground out 6-3 (Groundball, 6S, EV 64.4 MPH)
|
Bottom of the 4th over - 0 runs, 0 hits, 0 errors, 0 left on base; Colorado 1 - New York 3 |
TOP OF THE 5TH |
Colorado Rockies batting - Pitching for New York Mets : LHP Lewis Thorpe Jr.
|
Batting: RHB Chad Thompson
|
0-0: SINGLE (Line Drive, 5D, EV 97.5 MPH)
|
Batting: RHB Stephen Charbonneau
|
0-0: Ball 1-0: Ball 2-0: Grounds into double play, 4-6-3 (Groundball, 4, EV 85.0 MPH)
|
Batting: RHB Rico Coss
|
0-0: Called Strike 0-1: Ball 1-1: Swinging Strike 1-2: Ball 2-2: Ball 3-2: Fly out, F9 (Flyball, 89S, EV 72.5 MPH)
|
Top of the 5th over - 0 runs, 1 hit, 0 errors, 0 left on base; Colorado 1 - New York 3 |
BOTTOM OF THE 5TH |
New York Mets batting - Pitching for Colorado Rockies : RHP Link Zeller
|
Batting: SHB Scott Scott
|
0-0: Ball 1-0: Ball 2-0: Ball 3-0: Base on Balls
|
Batting: SHB Scott Bartholomew
|
0-0: Ball 1-0: Ball 2-0: Ball 3-0: Called Strike 3-1: Base on Balls Scott Scott to second
|
Batting: RHB Jeff Jank
|
0-0: Ball 1-0: Foul Ball, location: 2F 1-1: Ball 2-1: Foul Ball, location: 2F 2-2: Fielders Choice at 2nd, 6-4 (Groundball, 56, EV 106.9 MPH) Scott Scott to third
|
Batting: SHB Gus Berry
|
0-0: Ball Jeff Jank steals 2nd base 1-0: Ball 2-0: Ball 3-0: Called Strike 3-1: Foul Ball, location: 2F 3-2: Ground out U3 (Groundball, 3L, EV 98.8 MPH)
|
Batting: SHB Nelle van den Berg
|
0-0: SINGLE (Groundball, 3D, EV 97.5 MPH) Scott Scott scores Jeff Jank to third Runner from 3rd tries for Home, SAFE, throw by RF to home
|
Pitching: RHP Oscar Munoz
|
|
Batting: SHB Javy Rosa
|
0-0: Called Strike 0-1: Ball Pickoff Throw to First - Error! E1 Nelle van den Berg to second 1-1: Ball Wild Pitch! Nelle van den Berg to third 2-1: Ball 3-1: 2-RUN HOME RUN (Flyball, 9D, EV 96.9 MPH), Distance : 390 ft
|
Batting: SHB Kaname Fujimoto
|
0-0: Called Strike 0-1: Fly out, F8 (Flyball, 8RD, EV 98.1 MPH)
|
Bottom of the 5th over - 4 runs, 2 hits, 1 error, 0 left on base; Colorado 1 - New York 7 |
TOP OF THE 6TH |
Colorado Rockies batting - Pitching for New York Mets : LHP Lewis Thorpe Jr.
|
Batting: LHB Fabiano Perrolas
|
0-0: Ground out 4-3 (Groundball, 4, EV 93.1 MPH)
|
Batting: LHB Robert Watson
|
0-0: Foul Ball, location: 2F 0-1: Foul Ball, location: 2F 0-2: Ball 1-2: Foul Ball, location: 2F 1-2: SINGLE (Groundball, 4M, EV 108.8 MPH) (infield hit)
|
Batting: RHB Joel Haycock
|
0-0: Ball 1-0: Ball 2-0: Swinging Strike 2-1: Foul Ball, location: 2F 2-2: Grounds into double play, 6-4-3 (Groundball, 6, EV 86.2 MPH)
|
Top of the 6th over - 0 runs, 1 hit, 0 errors, 0 left on base; Colorado 1 - New York 7 |
BOTTOM OF THE 6TH |
New York Mets batting - Pitching for Colorado Rockies : RHP Oscar Munoz
|
Batting: LHB Timo Gomez
|
0-0: Ball 1-0: Called Strike 1-1: Swinging Strike 1-2: Ball 2-2: Ball 3-2: Strikes out swinging
|
Batting: SHB Tomas Caldera
|
0-0: Called Strike 0-1: Ball 1-1: Ball 2-1: Swinging Strike 2-2: Ball 3-2: Base on Balls
|
Pitching: RHP Mike Mik
|
|
Batting: SHB Scott Scott
|
0-0: Ball Tomas Caldera steals 2nd base 1-0: Ball 2-0: Called Strike 2-1: Ball 3-1: Swinging Strike 3-2: Ground out U3 (Groundball, 34, EV 106.9 MPH) Tomas Caldera to third
|
Batting: SHB Scott Bartholomew
|
0-0: Ball 1-0: Swinging Strike 1-1: Hit by Pitch
|
Batting: RHB Jeff Jank
|
0-0: Called Strike 0-1: Ball 1-1: Foul Ball, location: 2F 1-2: Fly out, F6 (Popup, 4MD, EV 73.8 MPH)
|
Bottom of the 6th over - 0 runs, 0 hits, 0 errors, 2 left on base; Colorado 1 - New York 7 |
TOP OF THE 7TH |
Colorado Rockies batting - Pitching for New York Mets : LHP Lewis Thorpe Jr.
|
Batting: RHB Roberto Rodriguez
|
0-0: Ball 1-0: SINGLE (Groundball, 6MD, EV 102.5 MPH) (infield hit)
|
Batting: SHB Chris Blue
|
0-0: Ball 1-0: Called Strike 1-1: Called Strike 1-2: Fly out, F7 (Flyball, 7, EV 92.5 MPH)
|
Batting: RHB Jason Andrews
|
0-0: Ball 1-0: Foul Ball, location: 2F 1-1: Swinging Strike 1-2: Strikes out swinging
|
Batting: RHB Chad Thompson
|
0-0: Foul Ball, location: 2F 0-1: Ball 1-1: Called Strike 1-2: Ball 2-2: Ball 3-2: Strikes out looking
|
Top of the 7th over - 0 runs, 1 hit, 0 errors, 1 left on base; Colorado 1 - New York 7 |
BOTTOM OF THE 7TH |
New York Mets batting - Pitching for Colorado Rockies : RHP Mike Mik
|
Batting: SHB Gus Berry
|
0-0: Ball 1-0: Ball 2-0: Ball 3-0: Called Strike 3-1: Base on Balls
|
Pitching: RHP Jaden Mackey
|
|
Batting: SHB Nelle van den Berg
|
0-0: Swinging Strike 0-1: Ball 1-1: Called Strike 1-2: Foul Ball, location: 2F 1-2: Fly out, F8 (Flyball, 8RXD, EV 109.4 MPH)
|
Batting: SHB Javy Rosa
|
0-0: Swinging Strike 0-1: SINGLE (Line Drive, 9S, EV 105.6 MPH) Gus Berry to second
|
Batting: SHB Kaname Fujimoto
|
0-0: Fly out, F7 (Flyball, 7D, EV 101.2 MPH) Runner from 2nd tags up, SAFE at 3rd, no throw by LF
|
Batting: LHB Timo Gomez
|
0-0: Called Strike 0-1: Ball 1-1: Foul Ball, location: 2F 1-2: Ball 2-2: DOUBLE (Flyball, 8LXD, EV 97.5 MPH) Gus Berry scores Javy Rosa to third Runner from 3rd tries for Home, SAFE, no throw by CF
|
Batting: SHB Tomas Caldera
|
0-0: Ground out 5-3 (Groundball, 6, EV 105.0 MPH)
|
Bottom of the 7th over - 2 runs, 2 hits, 0 errors, 1 left on base; Colorado 1 - New York 9 |
TOP OF THE 8TH |
Colorado Rockies batting - Pitching for New York Mets : LHP Lewis Thorpe Jr.
|
Batting: RHB Stephen Charbonneau
|
0-0: Ball 1-0: Called Strike 1-1: SINGLE (Groundball, 34D, EV 98.1 MPH)
|
Batting: RHB Rico Coss
|
0-0: Called Strike 0-1: Swinging Strike 0-2: Foul Ball, location: 2F 0-2: Strikes out swinging
|
Pitching: RHP David Matheney
|
|
Batting: LHB Fabiano Perrolas
|
0-0: Called Strike 0-1: Ball 1-1: Swinging Strike 1-2: Ball 2-2: Strikes out swinging
|
Batting: LHB Robert Watson
|
0-0: SINGLE (Groundball, 56D, EV 105.6 MPH) Stephen Charbonneau to second
|
Batting: RHB Joel Haycock
|
0-0: Called Strike 0-1: Ground out 5-3 (Groundball, 56S, EV 86.9 MPH)
|
Top of the 8th over - 0 runs, 2 hits, 0 errors, 2 left on base; Colorado 1 - New York 9 |
BOTTOM OF THE 8TH |
New York Mets batting - Pitching for Colorado Rockies : RHP Jaden Mackey
|
Batting: SHB Scott Scott
|
0-0: Ball 1-0: Ball 2-0: Ball 3-0: Called Strike 3-1: Foul Ball, location: 2F 3-2: Ground out 4-3 (Groundball, 4, EV 94.4 MPH)
|
Batting: SHB Scott Bartholomew
|
0-0: Swinging Strike 0-1: Ball 1-1: Called Strike 1-2: Strikes out swinging
|
Batting: RHB Jeff Jank
|
0-0: Called Strike 0-1: Foul Ball, location: 2F 0-2: Ball 1-2: Strikes out swinging
|
Bottom of the 8th over - 0 runs, 0 hits, 0 errors, 0 left on base; Colorado 1 - New York 9 |
TOP OF THE 9TH |
Colorado Rockies batting - Pitching for New York Mets : RHP David Matheney
|
Batting: RHB Roberto Rodriguez
|
0-0: Called Strike 0-1: Foul Ball, location: 2F 0-2: Strikes out swinging
|
Pinch Hitting: RHB Dennis Daniels
|
0-0: Called Strike 0-1: Foul Ball, location: 2F 0-2: Foul Ball, location: 2F 0-2: Foul Ball, location: 2F 0-2: Ball 1-2: Ball 2-2: Ball 3-2: Foul Ball, location: 2F 3-2: Base on Balls
|
Batting: RHB Jason Andrews
|
0-0: Called Strike 0-1: Swinging Strike 0-2: Fly out, F7 (Flyball, 78S, EV 76.9 MPH)
|
Batting: RHB Chad Thompson
|
0-0: Called Strike 0-1: Called Strike 0-2: Ball 1-2: Foul Ball, location: 2F 1-2: Strikes out swinging
|
Top of the 9th over - 0 runs, 0 hits, 0 errors, 1 left on base; Colorado 1 - New York 9 |
|